 Dungeon Crawl Stone Soup version 0.16.0-16-g311141a (console) character file.

1437 gw the Martial Artist (level 8, -1/71 HPs)
             Began as a Hill Orc Monk on Mar 20, 2015.
             Was a Believer of Beogh.
             Killed from afar by Pikel (5 damage)
             ... with a wand of flame
             ... on level 6 of the Dungeon.
             The game lasted 00:12:21 (8367 turns).

gw the Martial Artist (Hill Orc Monk)               Turns: 8367, Time: 00:12:21

Health: -1/71      AC: 12    Str: 14    XL:     8   Next: 74%
Magic:  8/8        EV:  7    Int: 10    God:    Beogh [**....]
Gold:   266        SH:  0    Dex: 15    Spells: 0 memorised, 7 levels left

rFire  . . .     SeeInvis .       - Unarmed
rCold  . . .     Clarity  .     j - +0 chain mail
rNeg   . . .     SustAb   .     (no shield)
rPois  +         Gourm    .     (no helmet)
rElec  .         Spirit   .     g - +1 cloak {rPois}
rCorr  .         Warding  .     (no gloves)
rMut   .         Stasis   .     (no boots)
MR     .....                    (no amulet)
Stlth  ..........               (no ring)
                                h - ring of poison resistance

@: not resistant to hostile enchantments, extremely unstealthy
A: no striking features
a: Smiting, Renounce Religion


You were on level 6 of the Dungeon.
You worshipped Beogh.
Beogh was pleased with you.
You were not hungry.

You visited 2 branches of the dungeon, and saw 7 of its levels.

You collected 266 gold pieces.

Inventory:

Missiles
 c - 276 stones
 o - 3 tomahawks (quivered)
Armour
 g - a +1 cloak of poison resistance (worn)
 j - a +0 chain mail (worn)
Jewellery
 h - a ring of poison resistance (left hand)
Magical devices
 d - a wand of heal wounds (0)
 i - a wand of flame (25)
Scrolls
 l - a scroll of remove curse
 n - 5 scrolls of identify
Potions
 e - a potion of cancellation
Comestibles
 a - 6 fruits
 b - 2 meat rations
 m - 5 bread rations


   Skills:
 + Level 6.6 Fighting
 + Level 4.2 Throwing
 + Level 4.7 Armour
 - Level 2.4 Dodging
 - Level 1.5 Stealth
 * Level 8.8 Unarmed Combat


You had 7 spell levels left.
You didn't know any spells.

Dungeon Overview and Level Annotations

Branches:
Dungeon (6/15)             Temple (1/1) D:4

Altars:
Ashenzari
Cheibriados
Dithmenos
Elyvilon
Fedhas
Gozag
Kikubaaqudgha
Makhleb
Nemelex Xobeh
Okawaru
Qazlal
Ru
Sif Muna
Trog
Vehumet
Xom
Yredelemnul
Zin
The Shining One

Annotations:
D:6 Pikel


Message History

Evoking this partially-identified wand wasted a few charges.
Unknown command.
Unknown command.
Unknown command.
Unknown command.
Evoke which item? (* to show all) (? for menu, Esc to quit)
Zapping:
i - a wand of flame {zapped: 8} (will waste charges)
Press: ? - help, Shift-Dir - straight line, f/p - Pikel
Aim: Pikel, wielding a whip of freezing, wearing a robe and carrying a wand of flame {zapped: 24} (moderately wounded)
The puff of flame misses Pikel.
Evoking this partially-identified wand wasted a few charges.
Pikel zaps a wand.
The puff of flame hits you!
Unknown command.
Unknown command.
Unknown command.
Unknown command.
MOVING TO (-1,8) Pikel says, "I'm sure the Orcish Mines are around here somewhere..."
Pikel zaps a wand.
The puff of flame hits you!
You die...

#.....##.###.p...#
####...#.###.#####
#...#.p...########
####
#...#.K####......#
...# ##.##..# #.####.#
...# #.##..# #.# #)#
...# ##.%#..####.# #.#
####
#...........####.#
#....o#######....#
#.....# #.#### ####..#
####.###### # #..#
#.........# #
.)..###.####...#####.#
# #.............+ #
######>####...# # #.#
#...# #.# #.....


You could see Pikel and a slave.

Table legend:
 A = Turns spent in this place as a percentage of turns spent in the entire game.
 B = Non-inter-level travel turns spent in this place as a percentage of non-inter-level travel turns spent in the entire game.
 C = Inter-level travel turns spent in this place as a percentage of turns spent in this place.
 D = Turns resting spent in this place as a percentage of non-inter-level travel turns spent in this place.
 E = Turns spent auto-exploring this place as a percentage of non-inter-level travel turns spent in this place.
 F = Non-inter-level travel turns spent in this place divided by the number of levels of this place that you've seen.
                   A       B       C       D       E      F
               +-------+-------+-------+-------+-------+----------------------
         Total | 100.0 | 100.0 |   2.4 |   0.7 |   1.3 | 2578.7
       Dungeon |  98.8 |  98.8 |   2.5 |   0.7 |   1.3 | 2972.0
        Temple |   1.2 |   1.2 |   0.5 |   0.0 |   4.6 | 219.0
               +-------+-------+-------+-------+-------+----------------------

Table legend:
 A = Kills in this place as a percentage of kills in entire the game.
 B = Kills by you in this place as a percentage of kills by you in the entire game.
 C = Kills by friends in this place as a percentage of kills by friends in the entire game.
 D = Other kills in this place as a percentage of other kills in the entire game.
 E = Experience gained in this place as a percentage of experience gained in the entire game.
 F = Experience gained in this place divided by the number of levels of this place that you have seen.
                   A       B       C       D       E      F
               +-------+-------+-------+-------+-------+----------------------
         Total | 100.0 | 100.0 |  -nan |  -nan | 100.0 | 293.4
       Dungeon | 100.0 | 100.0 |  -nan |  -nan | 100.0 | 342.3
               +-------+-------+-------+-------+-------+----------------------

Vanquished Creatures
  Grinder (D:4)
  Edmund (D:6)
  The ghost of GrooTW the Ducker, an average FeTm of Sif Muna (D:4)
  A phantom (D:6)
  3 ogres
  A centaur (D:5)
  Sigmund (D:4)
  2 scorpions
  3 worker ants
  Ijyb (D:2)
  A worker ant zombie (D:5)
  8 gnolls
  14 adders
  3 worms
  4 giant geckos
  An ooze (D:3)
  6 orcs
  A ball python (D:1)
  4 giant cockroaches
  16 hobgoblins
  4 jackals (D:2)
  3 quokkas
  6 bats
  7 giant newts
  10 goblins
  14 kobolds
  8 rats
  A bush (D:4)
  5 plants (D:4)
131 creatures vanquished.

Notes
Turn   | Place    | Note
--------------------------------------------------------------
     0 | D:1      | gw, the Hill Orc Monk, began the quest for the Orb.
     0 | D:1      | Reached XP level 1. HP: 19/19 MP: 1/1
   425 | D:1      | Reached XP level 2. HP: 27/27 MP: 2/2
  1315 | D:2      | Noticed Ijyb
  1332 | D:2      | Killed Ijyb
  1332 | D:2      | Reached skill level 1 in Throwing
  1332 | D:2      | Reached skill level 5 in Unarmed Combat
  1332 | D:2      | Reached XP level 3. HP: 30/33 MP: 3/3
  1571 | D:2      | Reached skill level 1 in Armour
  1571 | D:2      | Reached XP level 4. HP: 40/40 MP: 4/4
  2300 | D:3      | Reached XP level 5. HP: 47/47 MP: 5/5
  2956 | D:3      | Found a white marble altar of Elyvilon.
  3095 | D:3      | Reached skill level 6 in Unarmed Combat
  3162 | D:4      | Noticed Grinder
  3172 | D:4      | Killed Grinder
  3172 | D:4      | Reached skill level 5 in Fighting
  3172 | D:4      | Reached XP level 6. HP: 3/56 MP: 6/6
  3671 | D:4      | Reached XP level 7. HP: 61/61 MP: 7/7
  3703 | D:4      | Noticed GrooTW's ghost (average FeTm)
  3732 | D:4      | Killed GrooTW's ghost
  3732 | D:4      | Reached skill level 7 in Unarmed Combat
  4013 | D:4      | Found a staircase to the Ecumenical Temple.
  4948 | Temple   | Entered the Ecumenical Temple
  5515 | D:4      | Noticed Sigmund
  5549 | D:4      | HP: 2/61 [something/puff of flame (4)]
  5550 | D:4      | Killed Sigmund
  6036 | D:4      | Became a worshipper of Beogh the Brigand
  6036 | D:4      | Acquired Beogh's first power
  6036 | D:4      | Acquired Beogh's second power
  6050 | D:4      | Found a white marble altar of Elyvilon.
  6254 | D:4      | Noticed an ogre
  6260 | D:4      | Killed an ogre
  6260 | D:4      | Reached XP level 8. HP: 58/70 MP: 8/8
  6491 | D:5      | Entered Level 5 of the Dungeon
  6693 | D:5      | Reached skill level 8 in Unarmed Combat
  7980 | D:6      | Noticed Edmund
  7998 | D:6      | Killed Edmund
  8303 | D:6      | Noticed Pikel
  8356 | D:6      | Beogh protects you from harm!
  8367 | D:6      | Killed from afar by Pikel

Action                   |  1- 3 |  4- 6 |  7- 9 || total
-------------------------+-------+-------+-------++-------
Melee: Unarmed           |    91 |   132 |   380 ||   603
Throw: Stone             |    49 |    40 |   105 ||   194
       Tomahawk          |    16 |    39 |    27 ||    82
Invok: Convert to Beogh  |       |       |     1 ||     1
Evoke: Wand              |       |       |     4 ||     4
  Use: Scroll            |     2 |     7 |     1 ||    10
       Potion            |     1 |     1 |     5 ||     7
  Eat: Chunk             |     2 |     7 |    14 ||    23
       Fruit             |       |       |     1 ||     1

Vault maps used:
D:1:      lightli_arrival_windingriver
D:2:      uniq_iyjb
D:3:      elyvilon_altar_1
D:4:      kennysheep_mini, temple_statues, serial_forest,
          infiniplex_forest_corner_1, infiniplex_forest_corner_1,
          infiniplex_forest_clump_medium, infiniplex_forest_straight_3,
          infiniplex_forest_clump_large, infiniplex_forest_lined_4_way,
          infiniplex_forest_lined_4_way, uniq_sigmund, uniq_grinder
D:5:      first_bread, minmay_hedge_maze, grunt_ministairs_2
D:6:      nicolae_ru_path_of_blood, uniq_edmund, uniq_pikel
Temple:   kilobyte_greek_temple_18
